 Dungeon Crawl Stone Soup version 0.27-a0-1612-gde56a17b89 (webtiles) character file.

Game seed: 3378197575231202222

30 Nausicaa the Ruffian (level 3, 36/36 HPs)
             Began as a Troll Monk on July 21, 2021.
             Quit the game on level 2 of the Dungeon.
             The game lasted 00:06:34 (848 turns).

Nausicaa the Ruffian (Troll Monk)                    Turns: 848, Time: 00:06:35

Health: 36/36      AC:  4    Str: 19    XL:     3   Next: 3%
Magic:  2/2        EV: 10    Int:  7    God:
Gold:   36         SH:  0    Dex: 12    Spells: 2/2 levels left

rFire    . . .     SeeInvis .     - Unarmed
rCold    . . .     Faith    .   (no shield)
rNeg     . . .     Spirit   .   a - +0 robe
rPois    .         Reflect  .   (helmet restricted)
rElec    .         Harm     .   (no cloak)
rCorr    .         Rampage  .   (gloves unavailable)
Will     .....                  (boots unavailable)
Stlth    ++........             (no amulet)
HPRegen  1.12/turn              (no ring)
MPRegen  0.08/turn              (no ring)

@: no status effects
A: large, unfitting armour, claws 3, regeneration 1, shaggy fur 1, tough skin 1
a: no special abilities


You were on level 2 of the Dungeon.
You visited 1 branch of the dungeon, and saw 3 of its levels.

You collected 36 gold pieces.

Inventory:

Missiles
 e - 24 arrows
 i - 21 bolts
 j - 79 stones (quivered)
Armour
 a - a +0 robe (worn)
Jewellery
 h - an amulet of faith
Scrolls
 b - 2 scrolls of identify {unknown}
 g - a scroll of holy word {unknown}
Potions
 c - a potion of attraction {unknown}
 d - a potion of berserk rage {unknown}
 f - a potion of curing {unknown}
 k - a potion of flight {unknown}


   Skills:
 - Level 2.4 Fighting
 - Level 2.4 Dodging
 - Level 1.0 Stealth
 + Level 4.2 Unarmed Combat


You had 2 spell levels left.
You didn't know any spells.
Your spell library contained the following spells:

 Spells                   Type           Power      Damage    Failure   Level
 Foxfire                  Conj/Fire      0%         2x1d4     43%         1
 Conjure Flame            Conj/Fire      0%         6-21      80%         3
 Gell's Gravitas          Tloc           0%         N/A       80%         3
 Inner Flame              Hex/Fire       0%         N/A       80%         3
 Summon Ice Beast         Ice/Summ       0%         N/A       99%         4
 Disjunction              Tloc           0%         N/A       100%        8


Dungeon Overview and Level Annotations

Branches:
Dungeon (3/15)

Altars:

Shops:
D:1 *

Annotations:
D:3 Grinder


Innate Abilities, Weirdness & Mutations

You are too large for most types of armour.
You have claws for hands.
Your natural rate of healing is unusually fast.
You are covered in fur. (AC +1)
You have tough skin. (AC +1)


Message History

j - 79 stones (gained 20)
There is a stone staircase leading down here.
You climb downwards.
There is a stone staircase leading up here.
Found a blue potion.
Found a stone staircase leading down.
k - a blue potion
There is a stone staircase leading down here.
You climb downwards.
There is a stone staircase leading up here.
You scratch the quokka but do no damage.
You claw the quokka.
You kill the quokka!
You see here a quokka corpse.
A white imp comes into view.
The white imp shouts, "Taste defeat, thou foisting doghearted fustilarian!"
Grinder comes into view.
The white imp gestures at you. The puff of frost hits you!
You see here a quokka corpse.
There is a stone staircase leading up here.
The white imp gestures at you. The puff of frost misses you.
The white imp hits you. The white imp freezes you.
You climb upwards.
There is a stone staircase leading down here.
You claw the white imp!
The white imp is almost dead.
The white imp hits you. The white imp freezes you.
You scratch the white imp.
You kill the white imp!
You have reached level 3!
Your experience leads to an increase in your attributes!
Increase (S)trength, (I)ntelligence, or (D)exterity?
You feel clever.
You feel stronger.
Unknown command.
A bat comes into view.
A bat is nearby!
You claw the bat!
You kill the bat!
Are you sure you want to abandon this character and quit the game? (Confirm with "yes".)

###### #....# #.##.#
#.##.###########
#.##....>....... ...
#.######.###########
#...#..#.........
###@#..#.########
#.#..#.# #.#<.#.#
#.#.##.# #.#....#
#.###### #.. #..


There were no monsters in sight!

Vanquished Creatures
  A white imp (D:2)
  2 ball pythons (D:1)
  4 bats
  3 goblins (D:1)
  2 hobgoblins (D:1)
  4 jackals (D:1)
  A quokka (D:3)
  2 frilled lizards (D:1)
  A kobold (D:1)
20 creatures vanquished.

Vanquished Creatures (others)
  2 fungi (D:1)
2 creatures vanquished.

Grand Total: 22 creatures vanquished

Notes
Turn   | Place    | Note
-------+----------+-------------------------------------------
     0 | D:1      | Nausicaa the Troll Monk began the quest for the Orb.
     0 | D:1      | Reached XP level 1. HP: 22/22 MP: 0/0
   294 | D:1      | Reached XP level 2. HP: 29/29 MP: 1/1
   471 | D:1      | Found Vuif's General Store.
   525 | D:1      | Got the Almanac of Experimentation
   589 | D:1      | Reached skill level 4 in Unarmed Combat
   819 | D:3      | Noticed Grinder
   832 | D:2      | Reached XP level 3. HP: 22/36 MP: 2/2
   848 | D:2      | Quit the game

Illustrated notes

Levels and vault maps discovered:
D:1:      tarquinn_simple_flora_water_d, layout_loops_ring, serial_shops, shop,
          minivault_19, fountainhead
D:2:      layout_basic, basic_altar
D:3:      layout_rooms, uniq_grinder, uniq_sigmund

Skill      XL: |  1  2 |
---------------+-------+-----
Unarmed Combat | 4 |  4.2
Fighting       | |  2.4
Dodging        | |  2.4
Stealth        | |  1.0

Action                   || total
-------------------------++-------
Melee: Unarmed           ||    65
       Punch             ||     3
 Stab: Sleeping          ||     4
Armor: Robe              ||    17
Dodge: Dodged            ||    31

Table legend: (Time is in decaauts)
 A = Elapsed time spent in this place.
 B = Non-inter-level travel time spent in this place.
 C = Inter-level travel time spent in this place.
 D = Time resting spent in this place.
 E = Time spent auto-exploring this place.
 F = Levels seen in this place.
 G = Mean time per level.
                   A        B        C        D        E       F      G
               +--------+--------+--------+--------+--------+-----+--------+
         Total |    846 |    734 |    112 |      0 |    278 |   3 |  282.0 |
       Dungeon |    846 |    734 |    112 |      0 |    278 |   3 |  282.0 |
               +--------+--------+--------+--------+--------+-----+--------+

Top non-repeatable levels by time:
     D:1: 780 daAuts
     D:2: 46 daAuts
     D:3: 19 daAuts
